AoeStats
← Dragon

Lombardia

509528295Analyzed
3v3 RM · 5d ago on Sep 27, 2026· 65m 43s· 6 players
Game mode
Random Map
Map size
Normal (6 player)
Population
200
Speed
Normal
Resources
Standard
Victory
Conquest
Starting age
Dark Age
Ending age
Imperial Age
RankedLock teamsTeams togetherTeam positionsShared explorationLock speedFull tech treeHidden civsTurbo modeCheats
Victory
Defeat
🇺🇸 Varangians · United States
1393
+13
🇺🇸 Bohemians · United States
1392
+13
🇺🇸 Saracens · United States
1334
+17
🇩🇪 Ethiopians · Germany
1342
-15
🇩🇪 Spanish · Germany
1335
-14
🇩🇪 Byzantines · Germany
1322
-14
Dragon
4:35 Loom
9:50 Loom
11:39 Feudal Age
16:28 Castle Age
19:05 Double-Bit Axe
19:56 Scale Barding Armor
19:55 Padded Archer Armor
20:07 Horse Collar
21:38 Leather Archer Armor
22:39 Bow Saw
35:06 Imperial Age
32:38 Gold Mining
34:28 Sanctity
35:33 Devotion
37:25 Conscription
38:39 Inquisition
39:04 Elite Conquistador
40:18 Ring Archer Armor
40:01 Bloodlines
39:51 Husbandry
39:21 Light Cavalry
40:24 Stone Mining
40:56 Block Printing
42:26 Chemistry
43:10 Redemption
49:07 Hussar
49:55 Scale Barding Armor
50:00 Forging
56:17 Chain Barding Armor
56:33 Iron Casting
60:22 Caravan
siggi-lok
3:12 Loom
12:36 Feudal Age
17:04 Castle Age
16:22 Horse Collar
16:29 Double-Bit Axe
24:16 Fortified Wall
26:03 Wheelbarrow
27:28 Scale Barding Armor
27:47 Forging
29:13 Hand Cart
29:02 Heavy Plow
31:01 Husbandry
31:26 Chain Barding Armor
34:51 Imperial Age
32:50 Padded Archer Armor
32:41 Fletching
33:16 Bow Saw
33:01 Stone Mining
33:07 Gold Mining
33:18 Murder Holes
33:03 Treadmill Crane
33:47 Ballistics
32:55 Elite Skirmisher
34:34 Thumb Ring
34:29 Bodkin Arrow
35:55 Iron Casting
36:41 Plate Barding Armor
37:14 Bracer
37:01 Heavy Camel Rider
38:25 Conscription
38:43 Leather Archer Armor
41:15 Chemistry
41:37 Ring Archer Armor
43:36 Scale Mail Armor
43:36 Elite Cataphract
45:20 Logistica
48:02 Gold Shaft Mining
48:02 Stone Shaft Mining
48:49 Hoardings
55:24 Chain Mail Armor
57:08 Two-Man Saw
56:41 Plate Mail Armor
58:29 Pikeman
58:31 Elite Varangian Guard
60:36 Squires
60:22 Arson
63:20 Halberdier
Who am I
8:04 Loom
10:38 Feudal Age
11:27 Double-Bit Axe
13:07 Wheelbarrow
13:59 Horse Collar
15:52 Fletching
18:13 Padded Archer Armor
23:39 Castle Age
21:44 Gold Mining
23:45 Crossbowman
24:34 Thumb Ring
24:28 Bodkin Arrow
25:38 Bow Saw
25:47 Leather Archer Armor
26:21 Hand Cart
29:34 Gold Shaft Mining
28:50 Stone Mining
30:57 Ballistics
35:34 Stone Shaft Mining
35:01 Heavy Plow
41:19 Imperial Age
39:49 Masonry
41:22 Onager
41:45 Arbalester
43:52 Chemistry
43:33 Ring Archer Armor
45:15 Bracer
47:35 Two-Man Saw
46:43 Siege Engineers
46:43 Town Watch
55:23 Elite Skirmisher
61:24 Scale Mail Armor
61:35 Forging
matt.eiles1
6:58 Loom
9:31 Feudal Age
10:01 Double-Bit Axe
11:06 Horse Collar
18:49 Castle Age
17:52 Scale Barding Armor
17:52 Gold Mining
18:58 Forging
19:42 Bloodlines
20:32 Bow Saw
24:33 Wheelbarrow
23:43 Town Watch
26:09 Hand Cart
32:53 Imperial Age
30:33 Husbandry
31:24 Heavy Plow
32:01 Chain Barding Armor
32:16 Iron Casting
32:07 Vendel Legacy
33:03 Cavalier
35:28 Two-Man Saw
35:22 Conscription
35:59 Plate Barding Armor
37:11 Blast Furnace
36:50 Scale Mail Armor
36:23 Gothikon
36:53 Gambesons
37:09 Squires
38:04 Caravan
37:39 Elite Varangian Guard
39:23 Fletching
40:15 Chain Mail Armor
41:14 Bodkin Arrow
41:52 Plate Mail Armor
42:54 Bodkin Arrow
44:26 Arson
44:02 Pikeman
44:54 Halberdier
45:37 Bracer
46:00 Ballistics
45:46 Elite Jarl
50:29 Coinage
50:23 Stone Mining
50:01 Light Cavalry
50:45 Hussar
52:46 Banking
54:03 Treadmill Crane
55:23 Fortified Wall
57:05 Masonry
60:59 Crop Rotation
63:00 Architecture
jsvothrowaway
7:18 Loom
9:42 Feudal Age
11:49 Double-Bit Axe
11:53 Horse Collar
18:13 Castle Age
16:39 Fletching
16:59 Gold Mining
17:19 Padded Archer Armor
18:23 Crossbowman
19:06 Bodkin Arrow
21:21 Bow Saw
22:07 Wheelbarrow
21:48 Town Watch
23:59 Ballistics
27:12 Leather Archer Armor
30:56 Elite Skirmisher
35:20 Heavy Plow
37:22 Hand Cart
38:24 Thumb Ring
40:50 Imperial Age
39:18 Fortified Wall
39:23 Masonry
40:17 Gold Shaft Mining
39:33 Stone Mining
41:00 Arbalester
42:53 Chemistry
42:32 Conscription
42:24 Bracer
44:57 Scale Barding Armor
45:02 Forging
45:24 Ring Archer Armor
45:18 Caravan
45:31 Counterweights
46:01 Chain Barding Armor
45:03 Capped Ram
45:24 Light Cavalry
46:15 Bloodlines
46:06 Husbandry
46:06 Hussar
47:29 Iron Casting
49:12 Two-Man Saw
49:22 Elite Mameluke
53:39 Plate Barding Armor
54:09 Blast Furnace
53:21 Counterweights
53:22 Bimaristan
54:56 Hoardings
54:35 Siege Engineers
59:51 Heavy Camel Rider
60:12 Onager
61:51 Scale Mail Armor
62:14 Siege Onager
64:05 Town Patrol
64:01 Murder Holes
63:52 Arrowslits
63:58 Guard Tower
65:08 Chain Mail Armor
MagicMarker
11:29 Feudal Age
15:43 Castle Age
13:44 Double-Bit Axe
13:49 Horse Collar
15:00 Loom
17:57 Bow Saw
18:21 Heavy Plow
21:10 Wheelbarrow
30:36 Imperial Age
29:33 Chemistry
29:05 Fletching
29:42 Bodkin Arrow
29:53 Scale Barding Armor
30:14 Pikeman
30:55 Squires
31:07 Forging
30:58 Scale Mail Armor
34:44 Bracer
34:56 Masonry
35:11 Ballistics
34:58 Siege Engineers
35:36 Halberdier
37:02 Houfnice
38:53 Conscription
39:01 Chain Mail Armor
39:33 Iron Casting
38:57 Arson
39:15 Padded Archer Armor
40:46 Plate Mail Armor
42:37 Blast Furnace
42:42 Two-Man Saw
41:58 Hand Cart
41:30 Town Watch
44:54 Caravan
45:04 Guilds
51:10 Leather Archer Armor
50:59 Elite Skirmisher
61:40 Architecture
65:33 Fortified Wall
65:48 Sanctity
65:39 Redemption
65:29 Atonement
65:40 Fervor
65:31 Town Patrol
Connection lost

Rejoining the realm…

Still unreachable

The connection could not be restored.

Session expired

The server has moved on; the page needs a fresh start.